 Dungeon Crawl Stone Soup version 0.30.0-15-g856e2d3f33 (webtiles) character file.

Game seed: 5820634960518769540

2086 Daunt the Poker (level 9, 63/63 HPs)
             Began as a Demonspawn Summoner on May 19, 2023.
             Quit the game on level 6 of the Dungeon.
             The game lasted 00:35:12 (7174 turns).

Daunt the Poker (Demonspawn Summoner)               Turns: 7174, Time: 00:35:13

Health: 63/63      AC:  8    Str:  8    XL:     9   Next: 6%
Magic:  13/13      EV: 13    Int: 21    God:
Gold:   289        SH:  0    Dex: 14    Spells: 5/14 levels left

rFire   . . .        x - +2 scythe (venom)
rCold   . . .        (shield currently unavailable)
rNeg    . . .        a - +0 robe
rPois   .            u - +2 helmet "Ceusiza" {+Inv}
rElec   .            E - +0 cloak
rCorr   .            (no gloves)
SInv    .            (no boots)
Will    .....        (no amulet)
Stlth   ++           (no ring)
HPRegen 0.30/turn    (no ring)
MPRegen 0.13/turn

%: no passive effects
@: no status effects
A: hooves 2, icy blue scales 1, foul stench 1, spiny 1
a: Evoke Invisibility


You were on level 6 of the Dungeon.
You visited 2 branches of the dungeon, and saw 7 of its levels.
You also visited: Sewer.

You collected 380 gold pieces.
You spent 91 gold pieces at shops.

Inventory:

Hand Weapons
 v - a +2 dagger of venom
 x - a +2 scythe of venom (weapon)
 D - a +4 quarterstaff of chaos
Missiles
 d - 54 stones
 t - 34 poisoned darts
 y - a curare-tipped dart
 H - 2 boomerangs
 I - 6 silver javelins
Armour
 a - a +0 robe (worn)
 u - the +2 helmet "Ceusiza" (worn) {+Inv}
   (You took it off Robin on level 3 of the Dungeon)

   +Inv:      It lets you turn invisible.
 E - a +0 cloak (worn)
Wands
 o - a wand of mindburst (11)
 F - a wand of light (13)
Scrolls
 c - a scroll of amnesia {unknown}
 e - a scroll of noise {unknown}
 f - a scroll of poison {unknown}
 g - a scroll of immolation {unknown}
 h - 3 scrolls of vulnerability {unknown}
 k - 4 scrolls of teleportation
 l - 3 scrolls of enchant weapon {unknown}
 m - a scroll of torment {unknown}
 n - a scroll of fear
 p - 2 scrolls of magic mapping {unknown}
 r - 5 scrolls of identify {unknown}
 w - a scroll of butterflies {unknown}
 B - a scroll of blinking {unknown}
 C - a scroll of enchant armour {unknown}
Potions
 b - a potion of magic
 i - 2 potions of haste
 j - 4 potions of flight {unknown}
 q - 3 potions of curing {unknown}
 s - a potion of might {unknown}
 z - 4 potions of brilliance {unknown}
 A - 2 potions of heal wounds {unknown}
 G - a potion of invisibility {unknown}


   Skills:
 - Level 3.0 Fighting
 + Level 7.8 Polearms
 - Level 2.0 Armour
 - Level 3.0 Dodging
 - Level 3.0 Stealth
 - Level 3.0 Spellcasting
 - Level 3.0 Hexes
 - Level 6.0 Summonings


You had 5 spell levels left.
You knew the following spells:

 Your Spells              Type           Power      Damage    Failure   Level
a - Summon Small Mammal   Summ           100%       N/A       1%          1
c - Call Canine Familiar  Summ           28%        N/A       3%          3
g - Summon Guardian Gole  Hex/Summ       22%        N/A       6%          3
i - Call Imp              Summ           56%        N/A       1%          2

Your spell library contained the following spells:

 Spells                   Type           Power      Damage    Failure   Level
 Beastly Appendage        Tmut           6%         N/A       13%         1
 Wereblood                Tmut           3%         N/A       21%         2
 Spider Form              Tmut/Pois      3%         N/A       36%         3
 Vhi's Electric Charge    Tloc/Air       6%         N/A       36%         3
 Summon Lightning Spire   Summ/Air       15%        N/A       36%         4
 Dispel Undead            Necr           3%         3d7       78%         4
 Passage of Golubria      Tloc           3%         N/A       78%         4
 Silence                  Hex/Air        4%         N/A       89%         5
 Dispersal                Tloc           1%         N/A       100%        6
 Lehudib's Crystal Spear  Conj/Erth      1%         10d2      100%        8


Dungeon Overview and Level Annotations

Branches:
Dungeon (6/15)             Temple (1/1) D:6           Sewer (visited)

Altars:
Ashenzari
Dithmenos
Fedhas
Gozag
Hepliaklqana
Makhleb
Nemelex Xobeh
Okawaru
Qazlal
Ru
Trog
Uskayaw
Wu Jian
Xom

Shops:
D:2 ?


Innate Abilities, Weirdness & Mutations

You have hoof-like feet.
You are partially covered in icy blue scales. (AC +2)
You may rarely emit foul miasma when damaged in melee.
You are partially covered in sharp spines.


Message History

You reach to attack!
You closely miss the steam dragon.
You are engulfed in a cloud of scalding steam.
You puncture the steam dragon!
The steam dragon is poisoned.
Your kick misses the steam dragon.
The steam dragon is heavily wounded.
You are engulfed in a cloud of scalding steam.
The steam dragon bites you. The steam dragon barely misses you.
You hit the steam dragon.
The steam dragon is heavily wounded.
The steam dragon is struck by your spines.
The steam dragon bites you.
The steam dragon claws you but does no damage.
You hit the steam dragon.
The steam dragon looks as sick as possible!
You kick the steam dragon, but do no damage.
The steam dragon is severely wounded.
The steam dragon breathes steam at you. The ball of steam hits you!!
* * * LOW HITPOINT WARNING * * *
Unknown command.
The steam dragon bites you.
* * * LOW HITPOINT WARNING * * *
The steam dragon barely misses you.
You barely miss the steam dragon.
You kick the steam dragon, but do no damage.
The steam dragon is almost dead.
You are engulfed in a cloud of scalding steam.
* * * LOW HITPOINT WARNING * * *
You kill the steam dragon!
You have reached level 9!
Your experience leads to an increase in your attributes!
Increase (S)trength, (I)ntelligence, or (D)exterity?
You feel clever. x2; Your demonic ancestry asserts itself...
Your feet thicken and deform.
You see here a steam dragon corpse.
You start resting.
HP restored.
Search for what [? for help]? neme An orc warrior is nearby!
Are you sure you want to abandon this character and quit the game? (Confirm with "yes".)

#................#
##.......[........#
#...o##.......#####
#...##.######### #..
##.## ### #.. ##.###
####.# #.. ##..##
###...## ..
##..######.....# .
##@...........#
#.....#......##
##....##......# .#
#....##......# ...###
##.....##.....# #....
#..##...#.....#
###.#.####.####..#.....#
#...........####..#....#
.#..⌠..#....# ##......#


You could see an orc warrior (wandering).

Vanquished Creatures
  A steam dragon (D:6)
  2 ogres
  A phantom (D:4)
  A kobold brigand (D:3)
  2 scorpions (D:6)
  An orc priest (D:6)
  A sleepcap (D:5)
  2 hounds
  An orc wizard (D:3)
  2 gnolls (D:4)
  7 adders
  An ufetubus (D:5)
  2 worms (D:4)
  4 dart slugs
  7 orcs
  7 ball pythons
  8 endoplasms
  5 giant cockroaches
  5 goblins
  8 hobgoblins
  4 kobolds
  2 quokkas (D:4)
  6 bats
  2 frilled lizards (D:2)
  3 rats
85 creatures vanquished.

Vanquished Creatures (collateral kills)
  Grinder (D:3)
  Sigmund (D:2)
  A black bear (D:4)
  2 ogres
  3 kobold brigands (Sewer)
  A scorpion (D:5)
  An orc priest (D:3)
  Ijyb (D:3)
  A sleepcap (D:5)
  An orc wizard (D:6)
  Robin (D:3)
  5 adders
  4 gnolls (D:2)
  2 worms (D:2)
  A dart slug (D:1)
  6 orcs
  4 ball pythons
  4 endoplasms
  A giant cockroach (Sewer)
  12 goblins
  3 hobgoblins
  5 bats
  3 frilled lizards
  13 kobolds
  5 rats
82 creatures vanquished.

Vanquished Creatures (others)
  Crazy Yiuf (D:4)
  A gnoll (D:4)
2 creatures vanquished.

Grand Total: 169 creatures vanquished

Notes
Turn   | Place    | Note
-------+----------+-------------------------------------------
     0 | D:1      | Daunt the Demonspawn Summoner began the quest for the Orb.
     0 | D:1      | Reached XP level 1. HP: 13/13 MP: 3/3
   122 | D:1      | You fall into a shaft and drop 1 floor!
   196 | D:2      | Reached skill level 1 in Fighting
   196 | D:2      | Gained mutation: You may rarely emit foul miasma when
                  | damaged in melee. [demonic ancestry]
   196 | D:2      | Reached XP level 2. HP: 21/21 MP: 0/5
   199 | D:2      | Learned a level 2 spell: Call Imp
   281 | D:2      | Gained mutation: You have large cloven feet. [demonic
                  | ancestry]
   281 | D:2      | Reached XP level 3. HP: 6/27 MP: 2/6
   285 | D:2      | Learned a level 3 spell: Call Canine Familiar
  1091 | D:1      | Reached XP level 4. HP: 29/33 MP: 7/7
  1613 | D:2      | Noticed Sigmund
  1654 | D:2      | Found Isat's Magic Scroll Shoppe.
  1659 | D:2      | Bought a scroll of teleportation for 39 gold pieces
  1659 | D:2      | Bought a scroll of fear for 52 gold pieces
  1943 | D:2      | Gained mutation: You are partially covered in icy blue
                  | scales. (AC +2) [demonic ancestry]
  1943 | D:2      | Reached XP level 5. HP: 13/38 MP: 3/9
  2052 | D:2      | Got the Tome of the Dead and the Vector
  2129 | D:2      | Reached skill level 5 in Summonings
  2288 | D:3      | Noticed Ijyb
  2438 | D:3      | Killed Ijyb
  2680 | D:3      | Identified the +2 helmet "Ceusiza" {+Inv}
  2680 | D:3      | Noticed Robin
  2718 | D:3      | Noticed Grinder
  2837 | D:3      | Killed Grinder
  2838 | D:3      | Reached XP level 6. HP: 43/47 MP: 3/10
  2945 | D:3      | Reached skill level 1 in Armour
  3036 | D:3      | Found a bloodstained altar of Trog.
  3130 | D:3      | Reached XP level 7. HP: 41/52 MP: 6/11
  3943 | D:3      | Killed Robin
  4173 | D:2      | Killed Sigmund
  4245 | D:4      | Reached skill level 1 in Polearms
  4265 | D:4      | Found an opulent altar of Gozag.
  4265 | D:4      | Found a shimmering altar of Xom.
  4266 | D:4      | Found a stormy altar of Qazlal.
  4276 | D:4      | Reached skill level 2 in Polearms
  4341 | D:4      | Learned a level 3 spell: Summon Guardian Golem
  4359 | D:4      | Reached skill level 3 in Polearms
  4395 | D:4      | Found a burning altar of Makhleb.
  4422 | D:4      | Gained mutation: You are partially covered in sharp spines.
                  | [demonic ancestry]
  4422 | D:4      | Reached XP level 8. HP: 51/58 MP: 12/12
  4444 | D:4      | Found a broken altar of Ashenzari.
  4679 | D:4      | Found a glowing drain.
  4723 | D:4      | Found a runed translucent door.
  4771 | Sewer    | Entered a sewer
  4842 | Sewer    | Reached skill level 4 in Polearms
  5173 | Sewer    | Reached skill level 5 in Polearms
  5238 | D:4      | Noticed Crazy Yiuf
  5500 | D:4      | Found a sparkling altar of Nemelex Xobeh.
  5725 | D:4      | Killed Crazy Yiuf
  5792 | D:5      | Entered Level 5 of the Dungeon
  5895 | D:5      | Reached skill level 6 in Polearms
  6164 | D:5      | Found a large runed translucent door.
  6169 | D:5      | Found a large runed translucent door.
  6322 | D:5      | Found an ornate altar of the Wu Jian Council.
  6347 | D:5      | Found a sacrificial altar of Ru.
  6416 | D:6      | Reached skill level 7 in Polearms
  6909 | D:6      | Found a staircase to the Ecumenical Temple.
  6925 | Temple   | Entered the Ecumenical Temple
  6955 | D:6      | HP: 1/58 [steam dragon] (10)]
  6956 | D:6      | Gained mutation: You have hoof-like feet. [demonic
                  | ancestry]
  6956 | D:6      | Reached XP level 9. HP: 2/63 MP: 13/13
  7174 | D:6      | Quit the game

Illustrated notes

Levels and vault maps discovered:
D:1:      minmay_arrival_nine_rooms, layout_basic, reono_crystal_passage,
          corexii_item_surrounded_by_moat
D:2:      minmay_recursive_quarters, layout_basic, serial_shops,
          nicolae_shop_hallway_stairs, uniq_sigmund
D:3:      layout_rooms, mainiacjoe_overflow_paths,
          nicolae_concentric_dashed_squares_mild, lemuel_flame_loot_1,
          uniq_robin, uniq_ijyb, uniq_grinder
D:4:      layout_loops_cross, mainiacjoe_overflow_concentric_impassable,
          mainiacjoe_overflow_brackets,
          chequers_temple_overflow_statue_of_worship, lemuel_crystal_altar,
          gup_sewer_entry_bubbles, kennysheep_small_circle,
          uniq_crazy_yiuf_cottage
D:5:      layout_loops_ring, jmf_multi_god_temple2
D:6:      layout_cave_pods, elyvilon_altar_1, mainiacjoe_overflow_boulevard,
          minmay_temple_entry_waves, minmay_fractal_squares_5
Temple:   nicolae_temple_stand_before_the_council

Skill      XL: |  1  2  3  4  5  6  7  8 |
---------------+-------------------------+-----
Fighting       | 1 3 |  3.0
Stealth        | 2 3 |  3.0
Spellcasting   | 3 |  3.0
Summonings     | 6 |  6.0
Dodging        | 2 3 |  3.0
Armour         | 1 2 |  2.0
Hexes          | 3 |  3.0
Polearms       | 3 7 |  7.8

Action                     |  1- 3 |  4- 6 |  7- 9 || total
---------------------------+-------+-------+-------++-------
  Melee: Whip              |    16 |       |       ||    16
         Unarmed           |     3 |       |       ||     3
         Club              |    33 |    97 |     8 ||   138
         Kick              |    11 |    31 |    27 ||    69
         Punch             |     1 |     1 |       ||     2
         Halberd           |       |       |   135 ||   135
         Dagger            |       |       |     2 ||     2
   Cast: Summon Small Mamm |    24 |    43 |    30 ||    97
         Call Imp          |     4 |    12 |    17 ||    33
         Call Canine Famil |       |     4 |    19 ||    23
         Summon Guardian G |       |       |     5 ||     5
    Use: Potion            |     2 |       |       ||     2
   Stab: Distracted        |     1 |       |     4 ||     5
         Sleeping          |     2 |     1 |    10 ||    13
 Armour: Robe              |    19 |    35 |    28 ||    82
  Dodge: Dodged            |    50 |    92 |    52 ||   194
